Map: Romanticide LE

Players

Neeb - Winner!

  • Race: Protoss Protoss

Scarlett

  • Race: Zerg Zerg

Event: DreamHack SC2 Masters 2021 Summer

VOD

Have the link to the VOD?

Description

Time

  • Played on: June 6, 2021, 4:51 p.m.
  • Length: 10:36

All games in this series

Show
View Real Time Build Order
Export as new Build Order

Neeb Protoss - Winner!

Build Orders: 1 Gate Expand, Oracle Opening 

Get SALT Encoding   

  12  0:00  Probe  
  13  0:12  Probe  
  14  0:20  Pylon  
  14  0:24  Probe  
  15  0:38  Probe (Chrono Boost)  
  15  0:39  Gateway  
  16  0:47  Probe (Chrono Boost)  
  16  0:49  Assimilator  
  17  0:52  Probe (Chrono Boost)  
  18  1:04  Probe  
  19  1:16  Probe  
  20  1:25  Nexus  
  20  1:36  Cybernetics Core  
  20  1:39  Probe  
  21  1:46  Assimilator  
  21  1:51  Probe  
  22  1:54  Pylon  
  22  2:03  Probe (Chrono Boost)  
  23  2:10  Adept (Chrono Boost)  
  23  2:13  Probe (Chrono Boost)  
  26  2:18  Probe  
  26  2:19  Warp Gate  
  27  2:28  Stargate  
  27  2:33  Probe (Chrono Boost)  
  27  2:34  Adept  
  30  2:39  Probe (Chrono Boost)  
  32  2:48  Probe x2 (Chrono Boost)  
  33  2:53  Probe (Chrono Boost)  
  33  2:55  Probe  
  35  3:04  Adept  
  35  3:05  Probe  
  38  3:07  Pylon  
  38  3:10  Oracle (Chrono Boost)  
  38  3:11  Probe  
  39  3:17  Probe  
  43  3:24  Probe, Gateway  
  44  3:29  Probe  
  44  3:31  Void Ray (Chrono Boost)  
  45  3:36  Probe  
  50  3:41  Probe  
  50  3:46  Pylon  
  51  3:48  Probe  
  51  3:53  Probe  
  53  3:57  Nexus  
  53  4:01  Pylon  
  53  4:03  Probe  
  53  4:08  Probe  
  55  4:12  Void Ray (Chrono Boost)  
  55  4:15  Probe, Assimilator  
  55  4:17  Assimilator  
  56  4:20  Probe  
  61  4:27  Probe  
  61  4:29  Adept x2  
  66  4:33  Pylon  
  66  4:34  Robotics Facility  
  66  4:36  Probe  
  67  4:40  Probe  
  67  4:45  Pylon  
  68  4:48  Probe  
  68  4:51  Void Ray (Chrono Boost)  
  68  4:52  Probe  
  74  5:01  Probe (Chrono Boost)  
  74  5:03  Assimilator  
  76  5:08  Probe (Chrono Boost), Assimilator  
  76  5:09  Probe (Chrono Boost), Pylon  
  76  5:13  Shield Battery, Sentry  
  76  5:14  Sentry  
  82  5:18  Probe x2 (Chrono Boost)  
  82  5:20  Probe (Chrono Boost)  
  84  5:21  Immortal (Chrono Boost)  
  84  5:24  Probe  
  84  5:27  Probe  
  90  5:28  Probe  
  90  5:30  Void Ray  
  91  5:36  Probe  
  91  5:40  Forge  
  96  5:43  Twilight Council  
  96  5:45  Probe  
  96  5:46  Sentry  
  96  5:48  Probe  
  100  5:52  Probe  
  100  5:54  Zealot  
  103  5:57  Probe, Observer (Chrono Boost)  
  103  6:00  Probe  
  103  6:04  Probe, Pylon x2  
  107  6:06  Gateway  
  107  6:09  Gateway  
  107  6:16  Pylon  
  107  6:19  Zealot  
  107  6:22  Zealot  
  107  6:26  Void Ray  
  107  6:27  Probe  
  110  6:35  Protoss Ground Weapons Level 1  
  110  6:37  Shield Battery, Immortal (Chrono Boost)  
  110  6:38  Shield Battery  
  114  6:41  Photon Cannon  
  114  6:45  Stalker  
  114  6:47  Stalker  
  111  7:02  Zealot  
  111  7:07  Stalker  
  112  7:09  Immortal  
  112  7:12  Stalker x2  
  109  7:15  Probe  
  109  7:16  Probe  
  109  7:18  Observer  
  107  7:23  Dark Shrine  
  107  7:27  Gateway  
  107  7:28  Stalker  
  106  7:33  Stalker  
  104  7:41  Stalker x2  
  104  7:42  Probe  
  104  7:43  Probe  
  106  7:47  Probe  
  100  7:53  Zealot  
  100  7:58  Probe x2  
  104  7:59  Probe  
  99  8:07  Pylon  
  99  8:09  Gateway  
  99  8:11  Gateway  
  95  8:14  Observer (Chrono Boost), Assimilator  
  95  8:15  Probe x2, Gateway x2  
  95  8:16  Probe, Pylon  
  99  8:25  Charge (Chrono Boost)  
  99  8:31  Warp Prism  
  99  8:32  Gateway  
  101  8:36  Probe (Chrono Boost)  
  101  8:37  Probe x2 (Chrono Boost)  
  101  8:38  Gateway  
  104  8:47  Probe x2 (Chrono Boost)  
  106  8:48  Pylon  
  106  8:53  Dark Templar x2  
  106  8:54  Dark Templar  
  112  8:57  Dark Templar  
  112  8:59  Archon  
  114  9:03  Archon  
  114  9:09  Dark Templar x2  
  118  9:17  Archon  
  118  9:19  Nexus  
  118  9:20  Sentry  
  118  9:21  Pylon  
  120  9:26  Photon Cannon  
  120  9:36  Dark Templar  
  120  9:37  Dark Templar x2  
  120  9:38  Dark Templar  
  128  9:43  Archon  
  128  9:44  Archon  
  128  9:45  Zealot x3  
  128  9:46  Zealot x2  
  138  9:53  Photon Cannon  
  138  10:06  Dark Templar x2  
  138  10:07  Zealot, Dark Templar x2  
  144  10:09  Zealot x2  
  144  10:10  Archon x2  
  144  10:13  Zealot  
  141  10:30  Zealot x4  
Show
View Real Time Build Order
Export as new Build Order

Scarlett Zerg 

Build Orders: Hatch First 

Get SALT Encoding   

  12  0:00  Drone  
  13  0:12  Overlord  
  13  0:17  Drone  
  14  0:30  Drone x2  
  16  0:45  Drone  
  17  0:51  Hatchery  
  17  0:54  Drone  
  17  0:57  Drone  
  18  1:08  Extractor  
  17  1:12  Spawning Pool  
  17  1:16  Drone  
  17  1:19  Drone  
  18  1:28  Drone  
  19  1:39  Drone  
  20  1:50  Overlord  
  20  1:59  Queen  
  22  2:03  Drone, Queen  
  22  2:04  Zergling x2  
  26  2:11  Drone  
  26  2:13  Metabolic Boost  
  27  2:18  Drone  
  28  2:24  Drone  
  28  2:25  Drone  
  30  2:34  Hatchery  
  29  2:37  Drone  
  29  2:39  Drone  
  31  2:45  Queen  
  31  2:49  Overlord  
  33  2:53  Drone  
  33  2:57  Zergling x2  
  35  3:04  Drone  
  36  3:09  Drone x5  
  41  3:13  Queen  
  42  3:20  Zergling x2  
  43  3:33  Drone  
  43  3:35  Overlord  
  43  3:45  Queen  
  43  3:46  Evolution Chamber  
  43  3:48  Drone x5  
  49  3:50  Overlord x2  
  49  3:56  Spore Crawler  
  49  3:58  Drone x4  
  52  4:04  Overlord  
  52  4:05  Drone  
  52  4:12  Zerg Melee Weapons Level 1  
  52  4:15  Drone x3, Spore Crawler  
  54  4:19  Drone x2  
  57  4:25  Overlord  
  57  4:29  Queen, Lair  
  58  4:34  Drone x3  
  61  4:40  Drone  
  61  4:41  Zergling x10  
  67  4:46  Queen  
  69  5:05  Queen  
  71  5:11  Drone x3  
  71  5:12  Overlord x4  
  74  5:21  Queen  
  76  5:28  Overseer  
  76  5:30  Zergling x20  
  76  5:35  Nydus Network  
  85  5:38  Queen  
  85  5:41  Queen  
  89  5:49  Zergling x16  
  97  5:53  Zergling x6  
  99  5:57  Queen  
  101  6:05  Overlord  
  101  6:06  Zergling x6  
  101  6:09  Hatchery  
  103  6:14  Zergling x10  
  105  6:19  Nydus Canal  
  105  6:22  Zergling x8  
  105  6:24  Queen x2  
  104  6:27  Zergling x8  
  103  6:35  Zergling x4  
  103  6:39  Nydus Canal  
  98  6:40  Zergling x2  
  98  6:41  Zergling x2  
  98  6:45  Zergling x8  
  101  6:47  Zergling x2  
  101  6:51  Zergling x10  
  105  6:57  Zergling x2  
  105  6:58  Queen, Zergling x4  
  105  6:59  Queen  
  112  7:04  Zergling x2  
  112  7:06  Zergling x2  
  112  7:07  Queen, Zergling x2  
  112  7:11  Zergling x6  
  108  7:20  Zergling x16  
  101  7:23  Zergling x2  
  98  7:30  Zergling x2  
  98  7:37  Zergling x4  
  96  7:38  Nydus Canal  
  96  7:40  Zergling x2  
  96  7:43  Zergling x4  
  94  7:47  Queen x2  
  91  7:52  Zergling x16  
  85  8:01  Queen  
  85  8:02  Drone  
  85  8:03  Drone x4  
  81  8:09  Drone  
  81  8:11  Zerg Melee Weapons Level 2  
  82  8:15  Drone x6  
  88  8:22  Queen  
  88  8:24  Drone x8  
  98  8:28  Queen  
  98  8:32  Queen  
  98  8:33  Spore Crawler  
  101  8:35  Extractor  
  100  8:41  Drone x7  
  107  8:50  Extractor x2  
  105  9:02  Drone x12  
  117  9:03  Baneling Nest  
  117  9:04  Hatchery, Zergling x2  
  117  9:06  Hydralisk Den  
  117  9:09  Extractor  
  114  9:10  Extractor  
  114  9:13  Overlord x4  
  113  9:24  Extractor  
  112  9:27  Overlord  
  108  9:36  Drone x3  
  108  9:37  Extractor  
  108  9:38  Hydralisk x5  
  110  9:40  Zergling x16  
  128  9:51  Zergling x8  
  132  9:54  Baneling x5  
  132  9:55  Zergling x4  
  132  9:59  Zergling x2  
  135  10:02  Baneling x5  
  135  10:03  Zergling x12  
  141  10:11  Hydralisk  
  141  10:12  Hydralisk x3  
  149  10:15  Zergling x8  
  149  10:17  Baneling x3  
Tags
 
Add a new tag
Caveats
  • Supply blocks, unpowered buildings, or Contaminate may cause inaccurate times.
  • Supply counts are checked every 10 seconds.